AoeStats
← Gorlami

Nomad

508107326Analyzed
3v3 RM · 11d ago on Sep 20, 2026· 57m 45s· 6 players
Game mode
Random Map
Map size
210×210
Population
200
Speed
Normal
Resources
Standard
Victory
Conquest
Starting age
Dark Age
Ending age
Imperial Age
RankedLock teamsTeams togetherTeam positionsShared explorationLock speedFull tech treeHidden civsTurbo modeCheats
Victory
Defeat
🇦🇷 Maya · Argentina
1775
+11
🇦🇷 Bohemians · Argentina
1745
+12
🇦🇷 Italians · Argentina
1581
+19
🇺🇸 Khitans · United States
1845
-21
🇲🇦 Cumans · Morocco
1636
-13
🇹🇷 Inca · Türkiye
1491
-8
Bill Order
4:24 Loom
13:46 Feudal Age
17:35 Castle Age
17:00 Fishing Lines
17:08 Double-Bit Axe
18:33 Bow Saw
19:09 Fletching
21:01 Bodkin Arrow
21:18 Horse Collar
24:48 Ballistics
27:09 Wheelbarrow
30:17 Gold Mining
33:56 Imperial Age
31:40 Town Watch
33:54 Padded Archer Armor
34:23 Thumb Ring
34:36 Heavy Plow
34:41 Bracer
35:42 Chemistry
37:18 Leather Archer Armor
38:12 Stone Mining
40:43 Conscription
42:23 Scale Mail Armor
42:32 Elite Genoese Crossbowman
43:59 Squires
44:17 Chain Mail Armor
45:51 Plate Mail Armor
45:54 Hand Cart
46:53 Forging
48:09 Crop Rotation
48:15 Arson
49:26 Masonry
50:22 Iron Casting
52:00 Ring Archer Armor
52:30 Blast Furnace
52:23 Crossbowman
53:26 Pirotechnia
53:42 Treadmill Crane
Gorlami
12:08 Feudal Age
12:25 Loom
16:29 Castle Age
14:50 Double-Bit Axe
16:34 Fishing Lines
16:59 Fletching
17:50 Bow Saw
18:16 Bodkin Arrow
19:17 Medium Warships
31:50 Ballistics
37:48 Gillnets
41:09 Wheelbarrow
40:51 Padded Archer Armor
41:02 Thumb Ring
42:03 Leather Archer Armor
41:45 Horse Collar
45:23 Imperial Age
43:01 Heavy Plow
43:20 Stone Mining
43:21 Gold Mining
46:20 Stone Shaft Mining
46:11 Bracer
47:12 Chemistry
47:46 Hand Cart
47:17 Town Watch
48:41 Ring Archer Armor
48:32 Conscription
49:33 Elite Plumed Archer
50:48 Scale Mail Armor
50:58 Forging
52:02 Hoardings
52:39 Chain Mail Armor
53:00 Iron Casting
53:00 Eagle Warrior
53:40 Squires
54:58 Two-Man Saw
54:29 Crop Rotation
53:57 Capped Ram
54:50 Elite Eagle Warrior
56:59 Plate Mail Armor
57:30 Blast Furnace
RománMás3
5:06 Loom
14:03 Feudal Age
14:29 Town Watch
17:48 Castle Age
16:15 Scale Mail Armor
16:30 Fletching
22:23 Double-Bit Axe
34:35 Wheelbarrow
34:02 Fishing Lines
35:06 Bow Saw
37:03 Fletching
37:21 Pikeman
38:01 Squires
39:34 Horse Collar
42:12 Chain Mail Armor
42:07 Forging
42:57 Forging
43:20 Squires
44:16 Forging
44:38 Gillnets
46:28 Iron Casting
49:48 Imperial Age
48:49 Chemistry
48:22 Hand Cart
48:30 Padded Archer Armor
48:38 Heavy Plow
49:58 Leather Archer Armor
51:16 Plate Mail Armor
52:38 Two-Man Saw
51:44 Halberdier
53:05 Conscription
53:36 Siege Engineers
53:48 Wagenburg Tactics
56:08 Houfnice
59:01 Blast Furnace
FYI Inc
5:20 Loom
12:10 Feudal Age
12:38 Town Watch
15:41 Wheelbarrow
16:11 Forging
16:16 Double-Bit Axe
17:48 Scale Barding Armor
22:13 Fletching
24:13 Domestication
26:47 Castle Age
26:04 Gold Mining
27:48 Chain Barding Armor
27:29 Husbandry
28:21 Iron Casting
37:55 Bow Saw
40:09 Bodkin Arrow
40:47 Stone Mining
44:38 Hand Cart
45:36 Scale Mail Armor
46:58 Chain Mail Armor
51:07 Imperial Age
50:19 Stone Shaft Mining
49:45 Pastoralism
50:34 Lamellar Armor
51:08 Elite Liao Dao
52:23 Plate Mail Armor
51:20 Capped Ram
53:04 Conscription
52:31 Siege Ram
56:06 Conscription
56:42 Conscription
57:28 Conscription
RebellionFire
12:09 Feudal Age
14:39 Forging
18:05 Castle Age
18:22 Double-Bit Axe
18:56 Medium Warships
19:22 Iron Casting
21:59 Town Watch
22:05 Loom
23:54 Fletching
25:27 Wheelbarrow
27:16 Hand Cart
29:00 Horse Collar
35:01 Scale Mail Armor
35:59 Bow Saw
36:50 Bodkin Arrow
41:04 Ballistics
40:59 Gold Mining
41:10 Heavy Plow
42:11 Chain Mail Armor
45:20 Imperial Age
45:32 Capped Ram
47:13 Conscription
47:26 Plate Mail Armor
47:48 Squires
47:56 Elite Kamayuk
51:05 Murder Holes
52:42 Fabric Shields
54:44 Bracer
55:10 Masonry
56:03 Chemistry
Samara
4:09 Loom
13:58 Feudal Age
17:50 Castle Age
18:38 Scale Barding Armor
18:44 Forging
18:22 Double-Bit Axe
18:31 Horse Collar
19:53 Chain Barding Armor
20:54 Fishing Lines
23:23 Iron Casting
23:45 Bloodlines
26:54 Light Cavalry
30:06 Wheelbarrow
37:05 Bow Saw
38:12 Stone Mining
41:16 Imperial Age
38:38 Fletching
38:49 Padded Archer Armor
39:30 Bodkin Arrow
39:34 Elite Skirmisher
41:27 Hand Cart
41:28 Leather Archer Armor
43:25 Chemistry
42:57 Ring Archer Armor
42:50 Ballistics
42:18 Capped Ram
44:27 Conscription
Connection lost

Rejoining the realm…

Still unreachable

The connection could not be restored.

Session expired

The server has moved on; the page needs a fresh start.